 Dungeon Crawl Stone Soup version 0.32-a0-391-gce5c0aab1b (webtiles) character file.

Game seed: 11833477492665138027

133 adelrune the Vexing (level 5, -1/38 HPs)
             Began as a Coglin Hexslinger on Feb 19, 2024.
             Slain by Sigmund
             ... wielding a +2 scythe of distortion
              (16 damage)
             ... on level 3 of the Dungeon.
             The game lasted 00:05:04 (2256 turns).

adelrune the Vexing (Coglin Hexslinger)             Turns: 2256, Time: 00:05:04

Health: -1/38      AC:  4    Str:  8    XL:     5   Next: 16%
Magic:  6/6        EV: 13    Int: 13    God:
Gold:   100        SH:  0    Dex: 18    Spells: 4/6 levels left

rFire   . . .        a - +1 sling {Artakama}
rCold   . . .        o - +0 sling {Zayda}
rNeg    . . .        c - +0 robe
rPois   .            (no helmet)
rElec   .            g - +1 cloak
rCorr   .            (no gloves)
SInv    .            (no boots)
Will    .....        (no amulet)
Stlth   +            (no ring)
HPRegen 0.26/turn    (no ring)
MPRegen 0.10/turn

%: no passive effects
@: confused
A: off-hand wielding, slow wielding, warmup strikes, warmup strides
a: no special abilities


You were on level 3 of the Dungeon.
You visited 1 branch of the dungeon, and saw 3 of its levels.

You collected 100 gold pieces.

Inventory:

Hand Weapons
 a - a +1 sling (weapon) {Artakama}
 o - a +0 sling (worn) {Zayda}
Armour
 c - a +0 robe (worn)
 g - a +1 cloak (worn)
Scrolls
 b - 2 scrolls of poison
 d - a scroll of teleportation {unknown}
 f - 3 scrolls of identify {unknown}
 i - a scroll of immolation {unknown}
 k - a scroll of brand weapon {unknown}
 l - a scroll of noise {unknown}
 n - a scroll of fear {unknown}
Potions
 e - a potion of lignification {unknown}
 h - 3 potions of enlightenment {unknown}
 j - a potion of resistance {unknown}
 m - 2 potions of mutation {unknown}


   Skills:
 + Level 2.1 Fighting
 * Level 3.1 Ranged Weapons
 + Level 2.5 Dodging
 - Level 1.3 Spellcasting
 + Level 3.2 Hexes
 - Level 0.8 Fire Magic


You had 4 spell levels left.
You knew the following spells:

 Your Spells              Type           Power      Damage    Failure   Level
a - Jinxbite              Hex            18%        N/A       11%         2

Your spell library contained the following spells:

 Spells                   Type           Power      Damage    Failure   Level
 Sigil of Binding         Hex            9%         N/A       22%         3
 Inner Flame              Hex/Fire       6%         N/A       34%         3
 Cause Fear               Hex            4%         N/A       56%         4
 Dimensional Bullseye     Hex/Tloc       2%         N/A       80%         4
 Animate Dead             Necr           0%         N/A       95%         4
 Borgnjor's Vile Clutch   Necr/Erth      0%         N/A       100%        5
 Death Channel            Necr           0%         N/A       100%        6


Dungeon Overview and Level Annotations

Branches:
Dungeon (3/15)

Altars:

Annotations:
D:3 Sigmund


Innate Abilities, Weirdness & Mutations

You can wield a second weapon in your off-hand.
It takes a long time for you to wield or remove held weapons.
Your first few attacks do less damage.
Your first movements take longer.


Message History

The orc shoots a sling bullet.
The sling bullet hits you.
You shoot a sling bullet. The sling bullet hits the orc.
You kill the orc!
No target in view!
No target in view!
The sprites lose interest in your situation.
Things that are here:
a +0 sling; a +0 club
o - a +0 sling You start attuning to your weapon.
You continue attuning to your +0 sling. x4
You finish attuning to your +0 sling.
You welcome your +0 sling "Zayda" into your grasp.
You feel your willpower return.
You see here a giant cockroach corpse.
Sigmund the Dreaded comes into view.
He is wielding a +2 scythe of distortion.
Sigmund shouts!
You hear a loud squeak.
Sigmund hits you from afar with a +2 scythe of distortion.
Space warps horribly around you.
Sigmund points at you and mumbles some strange words.
You are confused.
You bump into the rock wall.
You bump into the rock wall.
You feel less confused. Sigmund completely misses you.
Sigmund points at you and mumbles some strange words.
You are confused.
Sigmund mumbles some strange words.
Sigmund flickers and vanishes!
Deactivating autopickup; reactivate with Ctrl-A.
You're too confused to move!
You're too confused to move!
Something barely misses you.
You bump into the rock wall.
You feel less confused.
You hear some strange, mumbled words.
You are confused.
Something hits you but does no damage. Space warps around you.
You bump into the rock wall.
Something hits you!
You bump into the rock wall.
Something hits you. Space warps horribly around you!
You die...

.......# #..#.#
...###.####.##.##
######..........#
...........###.##
######.....# #..#
#### #.).### ##.##
...# #..## #†.#
##.###..# ##.#
#.#....# #@#
#.#.#..# #.#
##...#..# #{#
...)....## #.##
..####...... #..#
...........# #..#.#
.#####..##......#.##
## ..## #######..##
# #....#


There were no monsters in sight!

Vanquished Creatures
  2 adders
  2 ribbon worms (D:2)
  2 dart slugs
  2 orcs (D:3)
  10 ball pythons
  A bat (D:1)
  8 endoplasms
  3 giant cockroaches
  5 goblins
  6 hobgoblins
  3 quokkas
  A frilled lizard (D:3)
  7 kobolds
  5 rats
57 creatures vanquished.

Notes
Turn   | Place    | Note
-------+----------+-------------------------------------------
     0 | D:1      | adelrune the Coglin Hexslinger began the quest for the Orb.
     0 | D:1      | Reached XP level 1. HP: 15/15 MP: 2/2
    93 | D:1      | Reached XP level 2. HP: 21/21 MP: 3/3
   133 | D:1      | Learned a level 2 spell: Jinxbite
   318 | D:1      | Reached XP level 3. HP: 26/26 MP: 1/4
  1135 | D:2      | Reached XP level 4. HP: 32/32 MP: 5/5
  1192 | D:2      | Found a faded altar of an unknown god.
  1969 | D:3      | Reached XP level 5. HP: 38/38 MP: 3/6
  2238 | D:3      | Noticed Sigmund
  2256 | D:3      | Slain by Sigmund

Illustrated notes

Levels and vault maps discovered:
D:1:      dpeg_arrival_shelter, layout_basic, chequers_serial_rivers_micro_a
D:2:      layout_loops_corners, ebering_ecumenical_altar_mist, st_stairs_11
D:3:      layout_rooms, uniq_sigmund

Skill      XL: |  1  2  3  4 |
---------------+-------------+-----
Ranged Weapons | 2 3 |  3.1
Dodging        | 2 |  2.5
Hexes          | 3 |  3.2
Fighting       | 2 |  2.1
Spellcasting   | |  1.3
Fire Magic     | |  0.8

Action                     |  1- 3 |  4- 6 || total
---------------------------+-------+-------++-------
   Fire: Sling             |    76 |    67 ||   143
   Cast: Jinxbite          |     3 |    15 ||    18
 Armour: Robe              |    13 |     9 ||    22
  Dodge: Dodged            |    17 |    15 ||    32

Table legend: (Time is in decaauts)
 A = Elapsed time spent in this place.
 B = Non-inter-level travel time spent in this place.
 C = Inter-level travel time spent in this place.
 D = Time resting spent in this place.
 E = Time spent auto-exploring this place.
 F = Levels seen in this place.
 G = Mean time per level.
                   A        B        C        D        E       F      G
               +--------+--------+--------+--------+--------+-----+--------+
         Total |   2364 |   2296 |     68 |    120 |   1808 |   3 |  788.0 |
       Dungeon |   2364 |   2296 |     68 |    120 |   1808 |   3 |  788.0 |
               +--------+--------+--------+--------+--------+-----+--------+

Top non-repeatable levels by time:
     D:2: 1023 daAuts
     D:1: 933 daAuts
     D:3: 407 daAuts
